 Dungeon Crawl Stone Soup version 0.22-a0-515-g75794bf (webtiles) character file.

72 galech the Skirmisher (level 4, 0/75 HPs)
             Began as an Ogre Berserker on June 19, 2018.
             Was a Believer of Trog.
             Slain by an orc wizard
             ... wielding a +0 dagger
              (4 damage)
             ... on level 3 of the Dungeon.
             The game lasted 00:02:40 (1694 turns).

galech the Skirmisher (Ogre Berserker)              Turns: 1694, Time: 00:02:41

Health: 0/75       AC:  3    Str: 27    XL:     4   Next: 26%
Magic:  4/4        EV: 10    Int:  8    God:    Trog [**....]
Gold:   91         SH:  0    Dex:  8    Spells: 3/3 levels left

rFire    . . .     SeeInvis .   a - +0 mace
rCold    . . .     Gourm    .   (no shield)
rNeg     . . .     Faith    .   b - +0 animal skin
rPois    .         Spirit   .   (helmet restricted)
rElec    .         Reflect  .   (no cloak)
rCorr    .         Harm     .   (gloves unavailable)
MR       ++...                  (boots unavailable)
Stlth    ..........             (no amulet)
HPRegen  1.22/turn              f - +1 ring of slaying
MPRegen  0.09/turn              (no ring)

@: berserking, regenerating, very quick
A: large, unfitting armour, tough skin 1
a: Berserk, Trog's Hand, Renounce Religion


You were on level 3 of the Dungeon.
You worshipped Trog.
Trog was pleased with you.
You were near starving.

You visited 1 branch of the dungeon, and saw 3 of its levels.

You collected 91 gold pieces.

Inventory:

Hand Weapons
 a - a +0 mace (weapon)
Armour
 b - a +0 animal skin (worn)
Jewellery
 f - a +1 ring of slaying (left hand)
Scrolls
 e - a scroll of random uselessness {unknown}
 g - 2 scrolls of teleportation {unknown}
 h - 2 scrolls of amnesia {unknown}
 i - a scroll of remove curse
 l - a scroll of fear {unknown}
 n - 2 scrolls of identify {unknown}
Potions
 d - 3 potions of curing {unknown}
 j - 2 potions of resistance {unknown}
 m - a potion of flight {unknown}
 o - a potion of berserk rage {unknown}
 p - 3 potions of degeneration {unknown}
Comestibles
 c - 10 rations
 k - 7 chunks of flesh


   Skills:
 + Level 5.0 Fighting
 + Level 3.4 Maces & Flails
 + Level 3.3 Dodging


You had 3 spell levels left.
You didn't know any spells.
Your spell library was empty.

Dungeon Overview and Level Annotations

Branches:
Dungeon (3/15)

Altars:
Trog


Innate Abilities, Weirdness & Mutations

You are too large for most types of armour.
You have tough skin. (AC +1)


Message History

The orc wizard hits you with a dagger.
* * * LOW HITPOINT WARNING * * *
The orc wizard casts a spell at you. The puff of flame hits you!
* * * LOW HITPOINT WARNING * * *
You hit the orc wizard.
The orc wizard is moderately wounded.
The orc wizard hits you but does no damage.
You barely miss the orc wizard.
The orc wizard is moderately wounded.
The orc wizard gestures at you while chanting.
The puff of flame hits you!
* * * LOW HITPOINT WARNING * * *
You barely miss the orc wizard.
The orc wizard is moderately wounded.
The orc wizard barely misses you. The orc wizard closely misses you.
You closely miss the orc wizard.
The orc wizard is moderately wounded.
The orc wizard hits you with a dagger.
You die...

......# ... ... ......#
#####.o## ..# ......#
#.....o..####..# ......#
#.##.##)...#..# ..รท...##
#.##.## #.....#
.......####.##..####....#
............)....g##!...#
......#####..##.#oo.....#
##.####
##.##.@##....(.... #.##
#.###.##....$#... #..##
#.. #.##.###.#### ##..#
##.##....# ... ##.#
.#......####.. #.#
.#........ ## #.##
.....[..## .. #..#
.######...# ... ##(###
#.#.# ....


You could see an orc priest, an orc wizard and a goblin.

Vanquished Creatures
  An adder (D:2)
  2 oozes (D:2)
  3 worms
  A leopard gecko (D:1)
  A giant cockroach (D:1)
  8 goblins
  7 hobgoblins
  4 jackals (D:1)
  4 kobolds (D:1)
  4 bats
  A frilled lizard (D:2)
  7 rats
43 creatures vanquished.

Notes
Turn   | Place    | Note
-------+----------+-------------------------------------------
     0 | D:1      | galech the Ogre Berserker began the quest for the Orb.
     0 | D:1      | Reached XP level 1. HP: 24/24 MP: 1/1
    75 | D:1      | Reached XP level 2. HP: 12/32 MP: 2/2
   481 | D:1      | Reached XP level 3. HP: 38/40 MP: 3/3
   578 | D:1      | Reached ** piety under Trog
  1192 | D:2      | Reached XP level 4. HP: 37/49 MP: 4/4
  1475 | D:3      | Reached skill level 5 in Fighting
  1635 | D:3      | Found a bloodstained altar of Trog.
  1692 | D:3      | HP: 1/75 [orc wizard/puff of flame (9)]
  1694 | D:3      | Slain by an orc wizard

Vault maps used:
D:1:      nicolae_arrival_washed_ashore
D:3:      first_ration, bloody_trog

Skill      XL: |  1  2  3  4 |
---------------+-------------+-----
Maces & Flails | 3 |  3.4
Dodging        | 3 |  3.3
Fighting       | 5 |  5.0

Action                   |  1- 3 |  4- 6 || total
-------------------------+-------+-------++-------
Melee: Mace              |    97 |    36 ||   133
Invok: Berserk           |     1 |     1 ||     2
       Trog's Hand       |       |     1 ||     1
  Use: Scroll            |       |     1 ||     1
  Eat: Chunk             |     2 |     1 ||     3
Armor: Animal skin       |    28 |    13 ||    41
Dodge: Dodged            |    58 |    16 ||    74

Table legend:
 A = Spawn XP
 B = Non-spawn XP
 C = Spawn XP percentage of total XP
 D = Spawn monster count
 E = Non-spawn monster count
 F = Spawn count percentage of total count
 G = Total turns spent on level
                    A         B        C        D         E        F      G
               +---------+---------+-------+---------+---------+-------+---------
         Total |       0 |     104 |   0.0 |       0 |      43 |   0.0 |  1694
               +---------+---------+-------+---------+---------+-------+---------
           D:1 |       0 |      45 |   0.0 |       0 |      26 |   0.0 |   767
           D:2 |       0 |      49 |   0.0 |       0 |      12 |   0.0 |   670
           D:3 |       0 |      10 |   0.0 |       0 |       5 |   0.0 |   257
               +---------+---------+-------+---------+---------+-------+---------
